AoeStats
← no one

Arena

504772734Analyzed
1v1 RM · 27d ago on Sep 6, 2026· 42m 33s· 2 players
Game mode
Random Map
Map size
Tiny (2 player)
Population
200
Speed
Normal
Resources
Standard
Victory
Conquest
Starting age
Dark Age
Ending age
Imperial Age
RankedLock teamsTeams togetherTeam positionsShared explorationLock speedFull tech treeHidden civsTurbo modeCheats
Victory
Defeat
🇦🇷 Huns · Argentina
1569
+17
🇷🇴 Gurjaras · Romania
1592
-17
no one
10:50 Feudal Age
14:39 Castle Age
12:56 Double-Bit Axe
13:04 Horse Collar
15:39 Bow Saw
19:58 Loom
21:29 Wheelbarrow
22:24 Town Watch
26:53 Imperial Age
25:00 Ballistics
25:09 Fletching
25:46 Bodkin Arrow
26:11 Bloodlines
26:08 Heavy Plow
26:53 Husbandry
27:52 Bracer
27:54 Padded Archer Armor
29:05 Chemistry
29:06 Conscription
29:38 Thumb Ring
31:01 Parthian Tactics
30:47 Gold Mining
32:47 Masonry
32:28 Heavy Cavalry Archer
32:42 Light Cavalry
33:54 Leather Archer Armor
33:45 Scale Barding Armor
34:02 Scale Barding Armor
34:22 Hussar
35:53 Chain Barding Armor
37:46 Plate Barding Armor
39:06 Forging
41:29 Iron Casting
42:32 Hand Cart
Leto Apor
10:29 Feudal Age
14:21 Castle Age
12:23 Double-Bit Axe
12:35 Gold Mining
15:27 Bow Saw
20:33 Wheelbarrow
20:22 Horse Collar
22:46 Hand Cart
22:25 Loom
22:25 Town Watch
26:54 Imperial Age
25:18 Heavy Plow
26:19 Fletching
27:15 Ballistics
27:41 Devotion
27:38 Bodkin Arrow
28:48 Chemistry
28:15 Thumb Ring
28:12 Padded Archer Armor
28:25 Bracer
29:25 Crop Rotation
29:11 Husbandry
30:42 Padded Archer Armor
30:16 Elite Skirmisher
31:55 Leather Archer Armor
32:37 Light Cavalry
33:24 Scale Barding Armor
34:08 Bloodlines
34:10 Forging
34:11 Hussar
36:45 Chain Barding Armor
38:30 Plate Barding Armor
37:28 Heavy Camel Rider
39:44 Iron Casting
Connection lost

Rejoining the realm…

Still unreachable

The connection could not be restored.

Session expired

The server has moved on; the page needs a fresh start.